12 | 0:00 | Drone | |
13 | 0:12 | Overlord | |
13 | 0:17 | Drone | |
14 | 0:30 | Drone x2 | |
14 | 0:34 | Drone | |
17 | 0:49 | Spawning Pool | |
16 | 0:50 | Drone | |
17 | 1:12 | Hatchery | |
17 | 1:16 | Drone | |
17 | 1:18 | Extractor | |
17 | 1:21 | Drone | |
17 | 1:24 | Extractor | |
16 | 1:27 | Drone | |
16 | 1:31 | Drone | |
18 | 1:38 | Drone | |
19 | 1:49 | Overlord | |
19 | 1:58 | Queen | |
21 | 2:04 | Zergling x2 | |
22 | 2:10 | Drone | |
23 | 2:26 | Queen | |
25 | 2:32 | Drone | |
26 | 2:38 | Drone | |
26 | 2:43 | Drone | |
28 | 2:46 | Drone | |
29 | 3:01 | Roach Warren | |
29 | 3:02 | Drone | |
29 | 3:05 | Drone | |
30 | 3:10 | Zergling x2 | |
30 | 3:12 | Zergling x2 | |
32 | 3:18 | Overlord | |
32 | 3:22 | Drone | |
32 | 3:24 | Drone | |
34 | 3:41 | Roach x2 | |
34 | 3:43 | Roach | |
34 | 3:44 | Roach | |
42 | 3:48 | Lair | |
42 | 3:54 | Overlord | |
42 | 3:59 | Overlord | |
42 | 4:01 | Zergling x2 | |
43 | 4:03 | Zergling x2 | |
43 | 4:06 | Zergling x2 | |
43 | 4:08 | Zergling x2 | |
44 | 4:12 | Zergling x2 | |
44 | 4:13 | Drone | |
42 | 4:18 | Roach | |
42 | 4:22 | Roach | |
46 | 4:24 | Drone | |
46 | 4:27 | Drone | |
46 | 4:29 | Drone | |
49 | 4:32 | Drone | |
49 | 4:37 | Overlord | |
50 | 4:41 | Roach | |
50 | 4:44 | Roach | |
54 | 4:47 | Roach | |
54 | 4:51 | Roach | |
58 | 4:54 | Overlord | |
58 | 5:00 | Hydralisk Den | |
58 | 5:01 | Drone | |
58 | 5:07 | Drone | |
58 | 5:09 | Drone | |
58 | 5:11 | Drone | |
61 | 5:14 | Drone | |
61 | 5:16 | Drone | |
61 | 5:18 | Drone | |
61 | 5:20 | Drone | |
65 | 5:22 | Drone | |
65 | 5:25 | Overlord | |
65 | 5:28 | Drone | |
67 | 5:30 | Drone, Hydralisk | |
67 | 5:33 | Hydralisk | |
72 | 5:37 | Hydralisk | |
72 | 5:40 | Hydralisk | |
76 | 5:44 | Drone | |
76 | 5:46 | Overlord | |
76 | 5:47 | Drone | |
76 | 5:49 | Drone | |
79 | 5:50 | Drone | |
79 | 5:52 | Drone | |
79 | 5:55 | Drone | |
82 | 5:59 | Infestation Pit | |
82 | 6:02 | Drone | |
82 | 6:04 | Ravager | |
83 | 6:05 | Overlord | |
83 | 6:08 | Ravager, Roach | |
88 | 6:11 | Roach | |
88 | 6:13 | Hydralisk | |
90 | 6:21 | Metabolic Boost | |
90 | 6:23 | Overlord | |
90 | 6:28 | Hydralisk x2 | |
90 | 6:29 | Roach | |
90 | 6:30 | Hydralisk | |
98 | 6:36 | Infestor | |
100 | 6:40 | Hatchery | |
100 | 6:41 | Infestor | |
100 | 6:44 | Overlord | |
101 | 6:53 | Extractor | |
100 | 6:55 | Extractor | |
99 | 7:06 | Infestor | |
99 | 7:07 | Evolution Chamber | |
100 | 7:09 | Drone | |
101 | 7:16 | Drone x3, Overlord | |
101 | 7:17 | Evolution Chamber | |
101 | 7:18 | Drone x2, Overseer | |
101 | 7:19 | Drone x2 | |
107 | 7:32 | Evolution Chamber, Infestor | |
108 | 7:37 | Spine Crawler | |
108 | 7:38 | Drone | |
108 | 7:42 | Drone, Spine Crawler, Overlord | |
108 | 7:43 | Roach | |
110 | 7:45 | Roach | |
110 | 7:46 | Baneling Nest, Drone | |
110 | 7:47 | Roach | |
111 | 7:54 | Zergling x2 | |
111 | 7:55 | Hydralisk | |
111 | 7:58 | Zergling x2 | |
110 | 8:03 | Hatchery | |
110 | 8:05 | Ravager | |
107 | 8:12 | Muscular Augments | |
107 | 8:20 | Spore Crawler | |
107 | 8:21 | Spore Crawler | |
107 | 8:22 | Zerg Missile Weapons Level 1, Drone | |
106 | 8:36 | Roach | |
106 | 8:37 | Roach | |
106 | 8:39 | Hydralisk | |
106 | 8:40 | Roach | |
108 | 8:41 | Roach | |
108 | 8:45 | Roach | |
108 | 8:46 | Roach | |
108 | 8:47 | Roach, Zergling x4 | |
102 | 8:50 | Roach | |
89 | 8:59 | Roach | |
80 | 9:03 | Hydralisk | |
80 | 9:04 | Ravager | |
80 | 9:05 | Baneling | |
80 | 9:06 | Zergling x2 | |
80 | 9:07 | Hydralisk | |
82 | 9:15 | Drone | |
82 | 9:16 | Drone x3 | |
82 | 9:17 | Drone x2 | |
87 | 9:21 | Drone, Infestor | |
87 | 9:22 | Drone | |
91 | 9:24 | Baneling | |
91 | 9:25 | Zergling x2 | |
91 | 9:26 | Drone x3 | |
91 | 9:27 | Drone x2 | |
91 | 9:30 | Extractor | |
90 | 9:36 | Zergling x2 | |
90 | 9:37 | Drone | |
88 | 9:38 | Drone | |
87 | 9:47 | Drone x2 | |
87 | 9:49 | Drone | |
89 | 9:53 | Roach | |
89 | 9:54 | Drone, Roach | |
89 | 9:57 | Drone | |
89 | 9:58 | Infestor, Zergling x2 | |
89 | 9:59 | Zergling x2 | |
97 | 10:01 | Drone | |
97 | 10:03 | Drone | |
99 | 10:08 | Drone | |
99 | 10:10 | Drone | |
99 | 10:11 | Drone | |
99 | 10:13 | Ravager | |
103 | 10:17 | Baneling | |
103 | 10:19 | Zergling x2, Baneling x2 | |
103 | 10:21 | Zergling x2 | |
105 | 10:22 | Roach | |
105 | 10:25 | Infestor, Hydralisk, Roach | |
113 | 10:29 | Hydralisk | |
113 | 10:32 | Drone, Hydralisk, Extractor | |
117 | 10:36 | Hydralisk | |
117 | 10:39 | Extractor | |
117 | 10:40 | Drone | |
117 | 10:41 | Queen | |
121 | 10:50 | Overlord, Infestor | |
121 | 10:55 | Drone | |
124 | 11:02 | Spine Crawler | |
124 | 11:03 | Drone x3, Zergling x2 | |
124 | 11:04 | Drone x3 | |
121 | 11:05 | Drone x2 | |
124 | 11:12 | Zergling x2, Zerg Ground Armor Level 1, Baneling x2 | |
124 | 11:13 | Roach, Baneling | |
124 | 11:15 | Overlord, Roach | |
124 | 11:18 | Hydralisk | |
129 | 11:22 | Hydralisk | |
129 | 11:23 | Baneling, Zergling x2 | |
134 | 11:25 | Spine Crawler | |
134 | 11:28 | Spine Crawler | |
132 | 11:34 | Lurker Den | |
132 | 11:42 | Hatchery | |
131 | 11:50 | Hive | |
131 | 12:07 | Spore Crawler | |
130 | 12:08 | Spore Crawler, Zerg Missile Weapons Level 2 | |
129 | 12:16 | Spire | |
128 | 12:36 | Overlord | |
128 | 12:47 | Baneling | |
128 | 12:49 | Zergling x2, Baneling | |
128 | 12:50 | Baneling | |
129 | 12:52 | Zergling x2, Baneling | |
129 | 12:53 | Baneling | |
129 | 12:56 | Drone x3, Queen | |
129 | 12:57 | Drone x3, Roach, Overlord | |
129 | 12:58 | Drone x3 | |
142 | 12:59 | Drone x3, Roach | |
142 | 13:00 | Drone x2, Roach | |
142 | 13:01 | Drone, Roach x2 | |
142 | 13:02 | Viper | |
160 | 13:09 | Drone, Extractor | |
160 | 13:10 | Zergling x2 | |
160 | 13:11 | Baneling x2 | |
161 | 13:14 | Baneling x2 | |
161 | 13:16 | Overlord, Zergling x2 | |
161 | 13:18 | Overseer | |
162 | 13:26 | Overseer | |
162 | 13:27 | Pneumatized Carapace, Corruptor | |
162 | 13:28 | Mutalisk | |
162 | 13:31 | Greater Spire | |
166 | 13:35 | Extractor | |
166 | 13:36 | Overlord, Corruptor, Drone | |
166 | 13:39 | Baneling, Zergling x2 | |
166 | 13:40 | Baneling | |
169 | 13:41 | Zergling x2, Baneling | |
169 | 13:42 | Baneling | |
169 | 13:45 | Roach | |
169 | 13:47 | Roach | |
169 | 13:48 | Roach | |
176 | 13:52 | Mutalisk | |
176 | 13:55 | Overlord | |
178 | 13:58 | Baneling | |
178 | 13:59 | Zergling x2, Baneling | |
178 | 14:00 | Zergling x2, Baneling | |
178 | 14:01 | Mutalisk | |
178 | 14:11 | Mutalisk | |
178 | 14:16 | Mutalisk, Spine Crawler | |
182 | 14:17 | Drone | |
182 | 14:21 | Mutalisk | |
178 | 14:26 | Baneling | |
178 | 14:27 | Mutalisk, Spine Crawler, Baneling x3, Zergling x4 | |
178 | 14:30 | Spore Crawler | |
179 | 14:33 | Mutalisk | |
181 | 14:39 | Mutalisk | |
183 | 14:45 | Mutalisk | |
183 | 14:51 | Mutalisk | |
187 | 14:58 | Mutalisk | |
189 | 15:03 | Spine Crawler | |
189 | 15:04 | Mutalisk | |
190 | 15:07 | Spore Crawler | |
190 | 15:09 | Drone, Spine Crawler | |
190 | 15:10 | Mutalisk, Drone | |
190 | 15:11 | Drone, Zergling x2, Spine Crawler, Baneling | |
190 | 15:13 | Drone, Spine Crawler | |
193 | 15:16 | Spine Crawler | |
193 | 15:20 | Centrifical Hooks | |
192 | 15:21 | Brood Lord | |
192 | 15:26 | Corruptor | |
196 | 15:30 | Hatchery | |
195 | 15:36 | Brood Lord | |
195 | 15:41 | Corruptor | |
199 | 15:51 | Spore Crawler | |
199 | 15:53 | Mutalisk | |
199 | 15:54 | Spore Crawler | |
199 | 15:56 | Spore Crawler | |
198 | 15:59 | Mutalisk, Spore Crawler | |
198 | 16:01 | Spine Crawler | |
198 | 16:17 | Baneling x2 | |
198 | 16:18 | Zergling x2, Baneling x3 | |
199 | 16:40 | Spine Crawler, Zergling x2 | |
199 | 16:55 | Drone, Extractor | |
199 | 16:58 | Drone, Baneling x2, Extractor | |
199 | 17:01 | Drone | |
200 | 17:03 | Drone | |
200 | 17:05 | Drone | |
200 | 17:06 | Drone, Zergling x2 | |
200 | 17:07 | Drone x2, Zergling x2 | |
200 | 17:08 | Drone, Zerg Missile Weapons Level 3 | |
200 | 17:10 | Drone | |
200 | 17:12 | Zerg Ground Armor Level 2, Queen | |
197 | 17:16 | Hatchery | |
197 | 17:17 | Drone | |
197 | 17:18 | Drone x3 | |
197 | 17:19 | Pathogen Glands | |
197 | 17:22 | Infestor | |
197 | 17:24 | Infestor | |
197 | 17:25 | Spore Crawler, Drone | |
197 | 17:26 | Corruptor, Zergling x2 | |
197 | 17:28 | Zergling x4, Baneling x4 | |
197 | 17:29 | Zergling x4 | |
188 | 17:30 | Zergling x4 | |
188 | 17:32 | Mutalisk, Zergling x2 | |
188 | 17:34 | Mutalisk | |
181 | 17:39 | Corruptor | |
181 | 17:44 | Mutalisk | |
172 | 17:47 | Baneling | |
172 | 17:49 | Mutalisk, Zergling x2 | |
175 | 17:51 | Spore Crawler | |
175 | 17:52 | Drone | |
175 | 17:53 | Mutalisk | |
175 | 17:58 | Mutalisk | |
177 | 17:59 | Zergling x4 | |
177 | 18:00 | Brood Lord | |
177 | 18:02 | Corruptor | |
184 | 18:06 | Baneling | |
184 | 18:07 | Baneling | |
182 | 18:20 | Zerg Melee Weapons Level 1 | |
182 | 18:22 | Spore Crawler, Drone, Zergling x2 | |
182 | 18:26 | Viper | |
185 | 18:27 | Zergling x2 | |
185 | 18:29 | Queen | |
186 | 18:35 | Overseer | |
186 | 18:36 | Corruptor | |
186 | 18:37 | Brood Lord | |
186 | 18:39 | Mutalisk | |
192 | 18:43 | Mutalisk | |
191 | 18:48 | Hatchery, Extractor | |
191 | 18:49 | Drone x2 | |
191 | 18:52 | Overlord | |
191 | 18:54 | Spore Crawler | |
191 | 18:55 | Drone, Baneling x2 | |
191 | 18:56 | Extractor | |
191 | 18:57 | Drone, Spine Crawler, Baneling | |
191 | 18:58 | Drone | |
191 | 18:59 | Spine Crawler | |
191 | 19:00 | Drone | |
191 | 19:01 | Drone, Spine Crawler, Overseer | |
191 | 19:02 | Baneling | |
190 | 19:05 | Spine Crawler | |
190 | 19:07 | Drone, Viper | |
193 | 19:15 | Corruptor, Brood Lord | |
197 | 19:19 | Drone | |
197 | 19:21 | Spore Crawler | |
197 | 19:22 | Drone x2 | |
196 | 19:24 | Drone | |
196 | 19:25 | Drone | |
193 | 19:39 | Ultralisk Cavern | |
193 | 19:40 | Drone, Queen | |
193 | 19:41 | Spore Crawler | |
193 | 19:42 | Drone | |
193 | 19:44 | Spore Crawler | |
193 | 19:45 | Drone | |
191 | 19:47 | Spore Crawler | |
191 | 19:48 | Drone | |
191 | 19:49 | Spore Crawler | |
191 | 19:51 | Drone | |
190 | 20:02 | Drone, Queen | |
193 | 20:13 | Drone | |
193 | 20:14 | Extractor | |
193 | 20:15 | Hatchery, Drone | |
193 | 20:16 | Drone | |
193 | 20:17 | Extractor | |
193 | 20:18 | Drone | |
193 | 20:27 | Ultralisk, Drone | |
193 | 20:28 | Ultralisk | |
195 | 20:29 | Zerg Ground Armor Level 3 | |
195 | 20:30 | Drone, Neural Parasite | |
195 | 20:31 | Glial Reconstitution | |
195 | 20:32 | Ultralisk, Zerg Flyer Weapons Level 1 | |
195 | 20:34 | Zergling x2 | |
199 | 20:35 | Drone | |
199 | 20:36 | Drone | |
199 | 20:37 | Drone | |
199 | 20:39 | Drone | |
199 | 20:41 | Drone x3 | |
199 | 20:42 | Drone | |
199 | 20:43 | Drone | |
199 | 20:45 | Drone x2 | |
199 | 20:48 | Drone | |
199 | 20:50 | Drone | |
199 | 20:55 | Drone | |
199 | 21:06 | Drone | |
199 | 21:32 | Drone | |
199 | 21:41 | Drone, Zerg Melee Weapons Level 2, Extractor | |
199 | 22:03 | Hatchery | |
199 | 22:04 | Drone | |
199 | 22:05 | Drone, Extractor | |
199 | 22:22 | Drone, Spine Crawler | |
199 | 22:28 | Zerg Flyer Weapons Level 2 | |
199 | 22:44 | Drone, Spine Crawler | |
199 | 22:49 | Spine Crawler | |
199 | 22:50 | Drone | |
199 | 22:55 | Drone, Spine Crawler | |
199 | 23:11 | Burrow | |
199 | 23:17 | Drone, Tunneling Claws, Extractor | |
200 | 23:20 | Drone | |
200 | 23:22 | Zergling x2 | |
200 | 23:23 | Roach | |
200 | 23:24 | Roach | |
200 | 23:27 | Roach | |
200 | 23:32 | Hatchery, Drone | |
200 | 23:36 | Hydralisk Den | |
200 | 23:37 | Drone | |
200 | 23:38 | Spine Crawler | |
200 | 23:39 | Drone | |
200 | 23:41 | Drone, Spine Crawler | |
200 | 23:44 | Spine Crawler | |
200 | 23:46 | Drone | |
200 | 23:52 | Infestor | |
200 | 23:54 | Extractor | |
200 | 23:55 | Drone | |
198 | 23:56 | Roach | |
198 | 23:57 | Spine Crawler | |
198 | 23:58 | Drone | |
198 | 24:01 | Spore Crawler | |
199 | 24:03 | Drone | |
199 | 24:06 | Spore Crawler, Roach | |
199 | 24:07 | Drone, Hydralisk x2, Roach | |
199 | 24:08 | Hydralisk | |
199 | 24:09 | Spore Crawler | |
199 | 24:10 | Mutalisk | |
199 | 24:12 | Drone, Spore Crawler, Zergling x2, Mutalisk | |
199 | 24:13 | Mutalisk, Roach, Drone | |
199 | 24:15 | Drone, Spine Crawler, Roach | |
199 | 24:16 | Mutalisk, Roach | |
199 | 24:17 | Spine Crawler | |
198 | 24:19 | Drone, Spine Crawler, Roach | |
198 | 24:20 | Drone | |
198 | 24:22 | Spine Crawler | |
198 | 24:23 | Drone, Roach x2 | |
197 | 24:24 | Roach | |
197 | 24:26 | Spore Crawler, Roach, Drone | |
197 | 24:27 | Roach | |
197 | 24:28 | Mutalisk x2, Roach | |
197 | 24:29 | Spore Crawler | |
197 | 24:30 | Drone, Hydralisk | |
197 | 24:31 | Spore Crawler, Drone | |
200 | 24:33 | Mutalisk, Spore Crawler | |
199 | 24:48 | Overlord, Drone | |
199 | 24:49 | Zergling x2 | |
199 | 24:51 | Overlord x2 | |
199 | 24:52 | Hatchery, Overlord x2 | |
192 | 24:53 | Overseer | |
192 | 24:54 | Overlord | |
192 | 24:56 | Spore Crawler | |
192 | 24:58 | Spore Crawler | |
190 | 25:00 | Overseer | |
190 | 25:02 | Spore Crawler | |
189 | 25:09 | Baneling | |
189 | 25:10 | Drone | |